 Dungeon Crawl Stone Soup version 0.25-a0-44-g29a1220a87 (webtiles) character file.

Game seed: 10093220839635179734, levelgen mode: deterministic

42 inmateoo the Charmwright (level 3, -3/29 HPs)
             Began as a Barachi Skald on Oct 23, 2019.
             Killed from afar by Sigmund (10 damage)
             ... with a puff of flame
             ... on level 2 of the Dungeon.
             The game lasted 00:01:33 (1047 turns).

inmateoo the Charmwright (Barachi Skald)            Turns: 1047, Time: 00:01:33

Health: -3/29      AC:  8    Str: 13    XL:     3   Next: 56%
Magic:  6/6        EV:  6    Int: 13    God:
Gold:   47         SH:  0    Dex: 11    Spells: 5/6 levels left

rFire    . . .     SeeInvis .   a - +1 hand axe
rCold    . . .     Gourm    .   (no shield)
rNeg     . . .     Faith    .   f - +0 chain mail
rPois    .         Spirit   .   (no helmet)
rElec    .         Reflect  .   (no cloak)
rCorr    .         Harm     .   (no gloves)
MR       .....                  (no boots)
Stlth    ..........             (no amulet)
HPRegen  0.09/turn              (no ring)
MPRegen  0.10/turn              (no ring)

@: can't hop, slow
A: +LOS, swims, slowness 1, strong legs 1
a: Hop


You were on level 2 of the Dungeon.
You were not hungry.

You visited 1 branch of the dungeon, and saw 2 of its levels.

You collected 47 gold pieces.

Inventory:

Hand Weapons
 a - a +1 hand axe (weapon)
Armour
 f - a +0 chain mail (worn)
Potions
 c - 2 potions of resistance {unknown}
 e - a potion of flight {unknown}
Comestibles
 d - 2 rations


   Skills:
 + Level 3.0 Fighting
 * Level 3.1 Axes
 + Level 2.1 Armour
 + Level 2.6 Dodging
 - Level 2.1 Spellcasting
 - Level 3.2 Charms


You had 5 spell levels left.
You knew the following spells:

 Your Spells              Type           Power        Failure   Level  Hunger
a - Infusion              Chrm           #...         90%         1    ##.....

Your spell library contained the following spells:

 Spells                   Type           Power        Failure   Level  Hunger
 Song of Slaying          Chrm           #.......     97%         2    ###....
 Shroud of Golubria       Chrm/Tloc      #.....       99%         2    ###....
 Regeneration             Chrm/Necr      #.........   100%        3    ####...
 Spectral Weapon          Hex/Chrm       #.......     100%        3    ####...


Dungeon Overview and Level Annotations

Branches:
Dungeon (2/15)

Altars:
Wu Jian
Yredelemnul
The Shining One

Annotations:
D:2 Sigmund


Innate Abilities, Weirdness & Mutations

Shadows flee at your approach. (+LOS)
You can swim through water.
You cover ground slowly.
You can hop short distances.


Message History

a +0 scale mail; 2 scrolls labeled UVA EVUKAITAKE; 17 gold pieces a goblin corpse You closely miss something.
Something hits you.
No target in view!
Your chain mail prevents you from hitting something.
You hear some strange, mumbled words.
A magic dart appears from out of thin air!
The magic dart hits you but does no damage.
You miss something. Something hits you!
You miss something. Something hits you.
* * * LOW HITPOINT WARNING * * *
Okay, then.
Hop to where?
Press: ? - help, Dir - move target cursor Boing!
You hear a zap.
Some rock shatters into small pieces.
A puff of flame appears from out of thin air!
The puff of flame hits you!
You die...

#. #.# #.# #.##.###.#...#
#.####.####.###.....#.....##
#.≈...≈≈≈..≈..≈###..........
#.......≈≈≈..≈..[..........#
#####...≈≈≈≈≈≈≈≈≈†≈..#####.#.#.#
...?..≈.≈≈≈≈≈≈≈≈≈.).# .# #
#...≈≈≈≈≈≈≈≈≈.≈.##### ..
###..≈≈≈≈≈..≈≈§............
..[..≈≈≈≈≈._.≈@≈.≈.######.###
######.≈≈≈≈≈♣≈†≈≈...### .#
#..≈≈≈≈≈÷≈≈†≈....# ##
#.≈≈≈≈≈≈≈≈≈≈≈..#.#
#.≈≈≈≈≈≈≈≈≈≈≈≈.#.# ##A##
#.≈≈.≈..≈≈...≈.#.# #####
#.≈.≈≈≈..≈.≈.≈...# #§.§#
##.###.#.#.<.....## #._.# #.
#.#.#........# #..§#


There were no monsters in sight!

Vanquished Creatures
  An ooze (D:2)
  A dart slug (D:1)
  3 leopard geckos
  5 bats
  5 giant cockroaches (D:2)
  3 goblins
  3 hobgoblins (D:1)
  3 frilled lizards
  4 kobolds
  4 rats
32 creatures vanquished.

Notes
Turn   | Place    | Note
-------+----------+-------------------------------------------
     0 | D:1      | inmateoo the Barachi Skald began the quest for the Orb.
     0 | D:1      | Reached XP level 1. HP: 17/17 MP: 3/3
    39 | D:1      | Reached XP level 2. HP: 22/23 MP: 5/5
   554 | D:2      | Reached XP level 3. HP: 25/28 MP: 6/6
   578 | D:2      | Found a glowing golden altar of the Shining One.
   579 | D:2      | Noticed an angel
   587 | D:2      | Found a basalt altar of Yredelemnul.
   603 | D:2      | Noticed a profane servitor
   664 | D:2      | HP: 1/28 [poison (dark miasma)]
   970 | D:2      | Found a faded altar of an unknown god.
  1009 | D:2      | Became a worshipper of the Wu Jian Council
  1009 | D:2      | Reached * piety under Wu Jian
  1015 | D:2      | Fell from the grace of Wu Jian
  1028 | D:2      | Noticed Sigmund
  1047 | D:2      | Killed from afar by Sigmund

Levels and vault maps discovered:
D:1:      dpeg_arrival_leaves_temple_mockup, layout_rooms
D:2:      layout_loops_ring, grunt_temple_overflow_holy_war,
          chequers_ecumenical_altar_island, first_ration,
          minmay_worlds_worst_comb, uniq_sigmund

Skill      XL: |  1  2  3 |
---------------+----------+-----
Axes           | 3 |  3.1
Armour         | 2 |  2.1
Fighting       | 3 |  3.0
Dodging        | |  2.6
Spellcasting   | |  2.1
Charms         | |  3.2

Action                   || total
-------------------------++-------
Melee: Hand axe          ||   104
Invok: Lunge             ||     1
       Renounce Religion ||     1
 Abil: Hop               ||     1
  Use: Scroll            ||     2
  Eat: Chunk             ||     1
Armor: Chain mail        ||    69
       Leather armour    ||     1
Dodge: Dodged            ||    41

Table legend:
 A = Non-vault XP
 B = Vault XP
 C = Vault XP percentage of total XP
 D = Non-vault monster count
 E = Vault monster count
 F = Vault count percentage of total count
                 A         B        C        D         E       F
            +---------+---------+-------+---------+---------+-------
      Total |      53 |       8 |  13.1 |      28 |       4 |  12.5
            +---------+---------+-------+---------+---------+-------
        D:1 |      25 |       0 |   0.0 |      14 |       0 |   0.0
        D:2 |      28 |       8 |  22.2 |      14 |       4 |  22.2
            +---------+---------+-------+---------+---------+-------
